 Dungeon Crawl Stone Soup version 0.28.0-53-g5a82cb258f (webtiles) character file.

Game seed: 5437687135169864008

72438 Gabide the Warrior (level 15, -2/129 HPs)
             Began as a Mummy Necromancer on June 2, 2022.
             Was the Champion of Dithmenos.
             Slain by a sun demon (15 damage)
             ... summoned by an orc high priest
             ... on level 2 of the Orcish Mines.
             The game lasted 01:04:55 (28269 turns).

Gabide the Warrior (Mummy Necromancer)             Turns: 28269, Time: 01:04:56

Health: -2/129     AC: 12    Str: 14    XL:     15   Next: 1%
Magic:  26/28      EV: 15    Int: 22    God:    Dithmenos [******]
Gold:   2860       SH:  5    Dex: 14    Spells: 8/20 levels left

rFire   . . .      SeeInvis .   d - +9 battleaxe (drain)
rCold   + . .      Faith    .   (shield currently unavailable)
rNeg    + + +      Spirit   .   F - +1 robe of Vines {NoPotionHeal Regen++++}
rPois   ∞          Reflect  +   G - +0 helmet
rElec   .          Harm     .   t - +2 cloak
rCorr   .          Rampage  .   i - +0 pair of gloves
Will    +....                   x - +1 pair of boots
Stlth   +++.......              H - amulet of Jughut {Reflect Str+2 Dex+2 SH+5}
HPRegen 3.51/turn               g - ring of magical power
MPRegen 0.21/turn               r - ring of protection from fire

@: spiked, wreathed by umbra
A: cold resistance 1, negative energy resistance 3, torment resistance 2, heat
vulnerability 1, in touch with death 1, no potions
a: Renounce Religion, Shadow Step, Shadow Form


You were on level 2 of the Orcish Mines.
You worshipped Dithmenos.
Dithmenos was exalted by your worship.
You visited 4 branches of the dungeon, and saw 22 of its levels.
You also visited: Ossuary.

You collected 2860 gold pieces.

Inventory:

Hand Weapons
 d - a +9 battleaxe of draining (weapon)
 l - the +10 hand axe "Killer Bee's Regret" {flame, Will+ SInv}
   (You took it off an orc priest on level 3 of the Dungeon)

   It burns those it strikes, dealing additional fire damage.
   Big, fiery blades are also staple armaments of hydra-hunters.
   SInv:      It lets you see invisible.
   Will:      It increases your willpower.
Missiles
 j - 13 poisoned darts
Armour
 i - a +0 pair of gloves (worn)
 k - the +4 ring mail "Zaubraq" {Int+2}
   (You took it off an orc on level 3 of the Dungeon)

   Int:       It affects your intelligence (+2).
 t - a +2 cloak (worn)
 x - a +1 pair of boots (worn)
 D - a +0 buckler
 F - the +1 robe of Vines (worn) {NoPotionHeal Regen++++}
   (You found it on level 9 of the Dungeon)

   Its wearer cannot be healed by potions.
   Regen:     It increases your rate of health regeneration.
 G - a +0 helmet (worn)
 K - a +2 kite shield
Jewellery
 g - a ring of magical power (left hand)
 n - an amulet of guardian spirit
 p - an amulet of the acrobat
 r - a ring of protection from fire (right hand)
 u - a +6 ring of strength
 w - a ring of resist corrosion
 H - the amulet of Jughut (around neck) {Reflect Str+2 Dex+2 SH+5}
   (You found it on level 11 of the Dungeon)

   [amulet of reflection]

   It reflects blocked missile attacks.
   Str:       It affects your strength (+2).
   Dex:       It affects your dexterity (+2).
   SH:        It affects your SH (+5).
Wands
 m - a wand of acid (6) (quivered)
 v - a wand of polymorph (13)
 A - a wand of flame (8)
 I - a wand of charming (3)
 J - a wand of iceblast (3)
Scrolls
 a - 3 scrolls of amnesia
 b - 8 scrolls of identify
 e - a scroll of teleportation
 h - 5 scrolls of vulnerability
 q - a scroll of enchant weapon
 s - a scroll of silence
 y - 2 scrolls of holy word
 z - 6 scrolls of immolation
 B - a scroll of magic mapping
 C - 3 scrolls of blinking
Miscellaneous
 c - a piece from Xom's chessboard (15/15)


   Skills:
 - Level 15.5 Fighting
 - Level 14.0 Axes
 - Level 8.0 Armour
 - Level 8.0 Dodging
 - Level 2.0 Stealth
 - Level 8.0 Shields
 - Level 3.1 Unarmed Combat
 - Level 3.0 Spellcasting
 + Level 7.9 Necromancy


You had 8 spell levels left.
You knew the following spells:

 Your Spells              Type           Power      Damage    Failure   Level
a - Pain                  Necr           100%       1d9       1%          1
b - Vampiric Draining     Necr           55%        2d9       1%          3
c - Animate Dead          Necr           27%        N/A       4%          4
d - Dispel Undead         Necr           55%        3d20      4%          4

Your spell library contained the following spells:

 Spells                   Type           Power      Damage    Failure   Level
 Animate Skeleton         Necr           100%       N/A       1%          1
 Magic Dart               Conj           12%        1d3       12%         1
 Agony                    Necr           55%        N/A       13%         5
 Searing Ray              Conj           6%         2d4       19%         2
 Static Discharge         Conj/Air       3%         N/A       19%         2
 Borgnjor's Vile Clutch   Necr/Erth      15%        N/A       56%         5
 Fulminant Prism          Conj/Hex       1%         3d6       77%         4
 Petrify                  Tmut/Erth      3%         N/A       77%         4
 Sticky Flame             Conj/Fire      3%         2d3       77%         4
 Alistair's Intoxication  Tmut/Pois      2%         N/A       98%         5
 Fireball                 Conj/Fire      1%         3d3       98%         5
 Irradiate                Conj/Tmut      1%         3d14      98%         5
 Iskenderun's Battlesphe  Conj           3%         2d6       98%         5
 Conjure Ball Lightning   Conj/Air       1%         3x3d6     100%        6
 Eringya's Noxious Bog    Tmut/Pois      1%         N/A       100%        6
 Orb of Destruction       Conj           1%         9d5       100%        7
 Sublimation of Blood     Necr           Unusable   N/A       N/A         2
 Blade Hands              Tmut           Unusable   N/A       N/A         5
 Dragon Form              Tmut           Unusable   N/A       N/A         7

Dungeon Overview and Level Annotations

Branches:
Dungeon (13/15)            Temple (1/1) D:6            Lair (6/6) D:8
  Swamp (0/4) Lair:3       Spider (0/4) Lair:2        Slime (0/5) Lair:5
    Orc (2/2) D:9             Elf (0/3) Orc:2        Vaults (0/5) D:13
Ossuary (visited)

Altars:
Ashenzari
Cheibriados
Dithmenos
Elyvilon
Fedhas
Gozag
Hepliaklqana
Kikubaaqudgha
Makhleb
Nemelex Xobeh
Okawaru
Qazlal
Ru
Sif Muna
Trog
Uskayaw
Vehumet
Wu Jian
Xom
Yredelemnul
Zin
The Shining One
Jiyva

Shops:
D:2 (   D:6 *

Portals:
Trove: D:13 (give +3 shadow dragon scales)

Annotations:
D:3 exclusion: orc
Lair:2 exclusion: orb spider


Innate Abilities, Weirdness & Mutations

You are immune to poison.
Your flesh is cold resistant. (rC+)
You are immune to negative energy. (rN+++)
You are immune to unholy pain and torment.
You are vulnerable to heat. (rF-)
You are in touch with the powers of death.
You do not drink.


Message History

Dithmenos accepts your kill.
The orc high priest no longer looks unusually strong.
The red devil misses you.
The orc knight roars a battlecry!
The orc high priest goes into a battle-frenzy!
The red devil hits you from afar with a +1 trident of protection.
Barbed spikes become lodged in your body.
Your orc sorcerer zombie hits the sun demon but does no damage.
You slash the sun demon!
The sun demon is moderately wounded.
You block the red devil's attack.
The red devil hits you from afar with a +1 trident of protection!!
Barbed spikes become lodged in your body.
You block the sun demon's attack.
Your orc sorcerer zombie closely misses the orc knight.
The orc knight hits your orc sorcerer zombie with a +0 long sword!
You barely miss the sun demon.
The sun demon is moderately wounded.
Your shadow hits the sun demon with a battleaxe.
The orc knight no longer looks unusually strong.
The red devil barely misses you.
The red devil hits you from afar with a +1 trident of protection!
Barbed spikes become lodged in your body.
The sun demon barely misses you.
The orc knight roars a battlecry!
The orc knight goes into a battle-frenzy!
Your orc sorcerer zombie closely misses the orc knight.
You slice the sun demon!!
The sun demon is severely wounded.
The sun demon hits you!!
You are engulfed in flames!
* * * LOW HITPOINT WARNING * * *
The red devil misses you. The red devil closely misses you.
The orc high priest invokes the aid of Beogh against you.
Beogh smites you!
* * * LOW HITPOINT WARNING * * *
The orc knight hits your orc sorcerer zombie with a +0 long sword!
The sun demon hits you!
* * * LOW HITPOINT WARNING * * *
You are engulfed in flames!
You die...

...#...)[..)..# #.÷..÷...#.......
..#...........# #..÷.....#.#.....
..............###÷..○....#.......
............).##..4o.....#.......
............[.##.÷÷§.....#.......
..........#....##.......###......
..........##...####)...###......)
...........#..)Z##4o...#.##...>))
...........##...@3oo.###..###....
............##..)Z4.###....##)...
.............##...###..##.#....#.
..#...#.....####### #.####.....#.
.............##.#.###.####...)...
.............#.....#...#..#......
..................##..#....))))..
......................#....[[))#.
...........................[[.#..


You could see 2 orc knights, an orc high priest (strong), a sun demon
(summoned), 2 red devils, a friendly orc sorcerer zombie and a friendly
two-headed ogre skeleton.

Vanquished Creatures
  2 orc warlords (Orc:2)
  12 hydras
  8 vault guards
  A merfolk avatar (Lair:6)
  4 two-headed ogres
  2 orc high priests (Orc:2)
  Urug (Orc:2)
  A fire crab (Lair:5)
  A sea snake (Lair:6)
  Pikel (D:6)
  A lindwurm (Lair:5)
  2 bog bodies (Lair:3)
  A harpy (Lair:6)
  2 deep elf pyromancers
  3 orc knights (Orc:2)
  4 orc sorcerers (Orc:2)
  2 ugly things
  4 manticores
  A cyclops (D:13)
  10 elephants
  3 black mambas
  4 centaur zombies
  3 gargoyles
  An unseen horror (D:12)
  2 rime drakes
  A torpor snail (Lair:4)
  12 cane toads
  A yaktaur (D:12)
  An efreet (D:13)
  16 komodo dragons
  6 trolls
  A wind drake (Lair:6)
  4 polar bears
  Grinder (D:5)
  4 slime creatures (D:13)
  4 hornets
  28 blink frogs
  A snapping turtle (Lair:6)
  2 wraiths
  3 wyverns
  43 yaks
  3 steam dragons
  2 basilisks
  A vampire mosquito (D:7)
  2 swamp worms (Lair:3)
  4 wargs
  22 water moccasins
  Duvessa (D:6)
  2 ice beasts
  25 orc warriors
  2 sky beasts
  A hornet zombie (D:5)
  A black bear (Lair:3)
  7 ogres
  4 centaurs
  2 phantoms
  2 kobold brigands
  15 bullfrogs
  A scorpion (D:6)
  Dowan (D:6)
  40 killer bees
  3 wights
  5 howler monkeys (D:9)
  An electric eel (Lair:3)
  2 jellies
  Crazy Yiuf (D:5)
  3 centaur skeletons (D:7)
  A gnoll shaman (D:7)
  19 orc priests
  4 hounds
  4 iguanas
  19 orc wizards
  9 hell rats
  3 killer bee zombies
  2 mummies (Ossuary)
  2 howler monkey zombies
  4 gnolls (D:5)
  5 adders
  3 white imps
  An adder skeleton (D:5)
  3 worms
  2 dart slugs
  72 orcs
  10 ball pythons
  4 bats
  6 endoplasms
  9 hobgoblins
  4 jackals (D:1)
  3 quokkas
  2 frilled lizards
  4 gnoll zombies (Ossuary)
  15 goblins
  5 goblin zombies (Ossuary)
  3 hobgoblin zombies (Ossuary)
  12 kobolds
  2 orc zombies (Ossuary)
  7 rats
596 creatures vanquished.

Vanquished Creatures (collateral kills)
  An orc (Orc:2)
1 creature vanquished.

Vanquished Creatures (others)
  A wizard (D:3)
  An orc wizard (Orc:2)
  67 fungi
  83 plants
152 creatures vanquished.

Grand Total: 749 creatures vanquished

Notes
Turn   | Place    | Note
-------+----------+-------------------------------------------
     0 | D:1      | Gabide the Mummy Necromancer began the quest for the Orb.
     0 | D:1      | Reached XP level 1. HP: 13/13 MP: 4/4
   216 | D:1      | Reached skill level 1 in Fighting
   227 | D:1      | Reached XP level 2. HP: 15/21 MP: 0/6
   417 | D:1      | Found a faded altar of an unknown god.
   566 | D:1      | Reached skill level 2 in Fighting
   933 | D:1      | Reached XP level 3. HP: 27/27 MP: 4/7
  1823 | D:2      | Found Burph's Weapon Shoppe.
  1895 | D:2      | Reached skill level 1 in Unarmed Combat
  2511 | D:3      | Found a sparkling altar of Nemelex Xobeh.
  2663 | D:3      | Reached XP level 4. HP: 33/33 MP: 5/8
  3202 | D:2      | Learned a level 3 spell: Vampiric Draining
  3343 | D:3      | Identified the +4 ring mail "Zaubraq" {Int+2}
  3527 | D:3      | Found a bloodstained altar of Trog.
  3530 | D:3      | Noticed a wizard
  3536 | D:3      | Killed a wizard
  3617 | D:3      | Identified the +10 hand axe "Killer Bee's Regret" {flame,
                  | Will+ SInv}
  3630 | D:3      | Reached XP level 5. HP: 38/38 MP: 9/9
  4211 | D:3      | Reached skill level 1 in Axes
  4352 | D:4      | Reached XP level 6. HP: 39/44 MP: 10/10
  4399 | D:4      | Found a sacrificial altar of Ru.
  4471 | D:4      | Noticed an ice beast
  4478 | D:4      | Killed an ice beast
  4481 | D:4      | Identified the +2 leather armour "Kahonyuh" {rCorr Stlth+}
  4599 | D:4      | Found Raloh's Jewellery Shop.
  4633 | D:4      | Identified a scroll of acquirement
  4634 | D:4      | Acquired an amulet of guardian spirit
  4728 | D:4      | Found a shimmering blue altar of Sif Muna.
  4855 | D:4      | Identified the +4 rapier of Might {flame, Fly rF+ Int+3
                  | Stlth-}
  4977 | D:5      | Entered Level 5 of the Dungeon
  4999 | D:5      | Found a runed translucent door.
  5000 | D:5      | Noticed Crazy Yiuf
  5061 | D:5      | Reached XP level 7. HP: 48/51 MP: 11/11
  5069 | D:5      | Reached skill level 3 in Fighting
  5085 | D:5      | Learned a level 4 spell: Animate Dead
  5120 | D:5      | Found an iron altar of Okawaru.
  5203 | D:5      | Reached skill level 4 in Fighting
  5380 | D:5      | Found a sand-covered staircase.
  5385 | Ossuary  | Entered an ossuary
  5394 | Ossuary  | Reached skill level 1 in Armour
  5900 | D:5      | Noticed Grinder
  5903 | D:5      | Paralysed by Grinder for 6 turns
  5911 | D:5      | Killed Grinder
  5912 | D:5      | Reached XP level 8. HP: 52/60 MP: 12/12
  6152 | D:5      | Killed Crazy Yiuf
  6392 | D:6      | Noticed Duvessa
  6400 | D:6      | Noticed Dowan
  6405 | D:6      | Killed Duvessa
  6413 | D:6      | Killed Dowan
  6635 | D:6      | Found a staircase to the Ecumenical Temple.
  6691 | Temple   | Entered the Ecumenical Temple
  6935 | Temple   | Became a worshipper of Dithmenos the Shadowed
  7003 | D:6      | Reached skill level 5 in Axes
  7091 | D:6      | Found Zin's Purification Station.
  7553 | D:7      | Noticed Pikel
  7563 | D:6      | Killed Pikel
  7564 | D:6      | Reached XP level 9. HP: 57/65 MP: 13/13
  8153 | D:7      | Found an ancient bone altar of Kikubaaqudgha.
  8222 | D:7      | Found a hide-covered altar of Uskayaw.
  8506 | D:8      | Found a staircase to the Lair.
  8512 | D:8      | Reached * piety under Dithmenos
  9348 | D:8      | You fall into a shaft and drop 3 floors!
  9384 | D:11     | Noticed a troll
  9390 | D:11     | Killed a troll
  9391 | D:11     | Reached XP level 10. HP: 54/71 MP: 14/14
  9526 | D:11     | Learned a level 4 spell: Dispel Undead
  9594 | D:11     | Noticed a deep elf pyromancer
  9653 | D:10     | Entered Level 10 of the Dungeon
  9675 | D:10     | Noticed a gargoyle
  9685 | D:10     | Killed a gargoyle
  9686 | D:10     | Reached skill level 10 in Axes
  9961 | D:8      | Found a blossoming altar of Fedhas.
  9961 | D:8      | Found an ornate altar of the Wu Jian Council.
  9961 | D:8      | Found a shimmering altar of Xom.
  9961 | D:8      | Found a broken altar of Ashenzari.
  9983 | D:8      | Found a snail-covered altar of Cheibriados.
 11205 | Lair:1   | Entered Level 1 of the Lair of Beasts
 11491 | Lair:1   | Noticed a five-headed hydra
 11494 | Lair:1   | Reached ** piety under Dithmenos
 11504 | Lair:1   | Killed a one-headed hydra
 11672 | Lair:1   | Reached XP level 11. HP: 77/77 MP: 15/15
 12778 | Lair:2   | HP: 2/77 [blink frog (4)]
 13184 | Lair:2   | Noticed a six-headed hydra
 13203 | Lair:1   | Killed a one-headed hydra
 13687 | Lair:2   | Noticed a seven-headed hydra
 13707 | Lair:2   | Killed a one-headed hydra
 14091 | Lair:2   | Found a hole to the Spider Nest.
 14091 | Lair:2   | Noticed an orb spider
 14630 | Lair:3   | Reached skill level 5 in Fighting
 14697 | Lair:3   | Noticed a bog body
 14706 | Lair:3   | Killed a bog body
 14707 | Lair:3   | Reached skill level 6 in Fighting
 15052 | Lair:3   | Noticed a bog body
 15059 | Lair:3   | Killed a bog body
 15060 | Lair:3   | Reached skill level 7 in Fighting
 15260 | Lair:3   | Found a staircase to the Swamp.
 15436 | Lair:3   | Reached skill level 8 in Fighting
 15436 | Lair:3   | Reached XP level 12. HP: 81/92 MP: 16/16
 15525 | Lair:3   | Reached *** piety under Dithmenos
 15528 | Lair:3   | Reached skill level 9 in Fighting
 15683 | Lair:3   | Reached skill level 10 in Fighting
 15908 | Lair:4   | Reached skill level 11 in Fighting
 16173 | Lair:4   | Reached skill level 12 in Fighting
 16280 | Lair:4   | Reached skill level 13 in Fighting
 16297 | Lair:4   | Noticed a five-headed hydra
 16854 | Lair:3   | Reached skill level 14 in Fighting
 16969 | Lair:3   | Killed a two-headed hydra
 17213 | Lair:4   | Reached skill level 15 in Fighting
 17301 | Lair:4   | Reached **** piety under Dithmenos
 17863 | Lair:5   | Noticed a four-headed hydra
 17881 | Lair:4   | Killed a one-headed hydra
 18275 | Lair:5   | Noticed a six-headed hydra
 18280 | Lair:5   | Killed a one-headed hydra
 18281 | Lair:5   | Reached skill level 5 in Armour
 18281 | Lair:5   | Gained mutation: You are in touch with the powers of death.
                  | [Mummy growth]
 18281 | Lair:5   | Reached XP level 13. HP: 86/116 MP: 17/17
 18596 | Lair:5   | Found a hide-covered altar of Uskayaw.
 18874 | Lair:5   | Found a staircase to the Slime Pits.
 18874 | Lair:5   | Found a viscous altar of Jiyva.
 19534 | Lair:6   | Entered Level 6 of the Lair of Beasts
 20302 | Lair:6   | Reached skill level 1 in Shields
 21468 | Lair:6   | Reached skill level 5 in Shields
 22329 | Lair:6   | Found a shimmering blue altar of Sif Muna.
 22841 | D:9      | Reached XP level 14. HP: 123/123 MP: 18/18
 22886 | D:9      | Found a staircase to the Orcish Mines.
 22962 | D:9      | Found the +1 robe of Vines {NoPotionHeal Regen++++}
 23425 | D:9      | Reached ***** piety under Dithmenos
 24074 | D:11     | Identified the amulet of Jughut {Reflect Str+2 Dex+2 SH+5}
 25012 | D:12     | Found a gate leading to a gauntlet.
 25091 | D:12     | Reached skill level 5 in Dodging
 25248 | D:12     | Found a shadowy altar of Dithmenos.
 25740 | D:13     | Found a gate to the Vaults.
 26420 | D:13     | Found a portal to a secret trove of treasure.
 26701 | Orc:1    | Entered Level 1 of the Orcish Mines
 26825 | Orc:1    | Found a bloodstained altar of Trog.
 27116 | Orc:2    | Entered Level 2 of the Orcish Mines
 27118 | Orc:2    | Found a staircase to the Elven Halls.
 27223 | Orc:2    | Reached skill level 5 in Necromancy
 27280 | Orc:2    | Noticed Urug
 27303 | Orc:2    | Killed Urug
 27322 | Orc:2    | Reached ****** piety under Dithmenos
 27542 | Orc:2    | Noticed an orc warlord
 27586 | Orc:2    | Noticed an orc warlord
 27594 | Orc:2    | Killed an orc warlord
 27611 | Orc:2    | Killed an orc warlord
 28258 | Orc:2    | Reached XP level 15. HP: 106/129 MP: 19/19
 28269 | Orc:2    | Slain by a sun demon

Illustrated notes

Levels and vault maps discovered:
D:1:      dpeg_arrival_snail, layout_basic, ebering_ecumenical_altar_rust,
          minmay_bisected
D:2:      layout_basic, serial_shops, nicolae_shop_bloodbath_and_beyond,
          chequers_big_river, kennysheep_generic_room_12
D:3:      layout_loops_ring, lemuel_tele_altar, trog_wizard,
          minmay_goblin_kobold_house
D:4:      layout_basic, nicolae_ru_awakened_eye, mainiacjoe_overflow_alcove_2,
          serial_shops, nicolae_shop_temple_entry_statues_fountains
D:5:      layout_loops_corners, okawaru_gym_becter, enter_ossuary_2,
          uniq_grinder, uniq_crazy_yiuf_cottage
D:6:      wander_river, layout_loops_ring, zin_purify,
          minmay_temple_entry_slanted, minmay_tree_intersection, uniq_duvessa
D:7:      layout_basic, kennysheep_mini_moat, marbit_many_paths,
          minmay_manual_mess, uniq_pikel
D:8:      layout_basic, nicolae_overflow_hidden_temple, lair_entry_dummy,
          kennysheep_diamond
D:9:      layout_cave_pods, orc_david_3, hellmonk_guarded_unrand_vines
D:10:     layout_roguey, minmay_misc_feat_five
D:11:     nicolae_cairo_tiling_very_big, layout_loops_ring
D:12:     layout_stronghold, gauntlet_entry_generic,
          nicolae_dithmenos_the_darkroom
D:13:     layout_loops_ring, erik_vaults_2, enter_trove_1
Temple:   jpeg_temple_island
Lair:1:   wad_woods_minihive, layout_chaotic_city
Lair:2:   layout_gridlike, nicolae_spider_entry_orb_guardian,
          chequers_serial_rivers_marsh, chequers_serial_rivers_micro_d
Lair:3:   layout_big_grid, nicolae_swamp_entry_splash_gauntlet,
          beast_lair_carwin_4
Lair:4:   layout_cave_shapes, st_stairs_7, beast_lair_carwin_3,
          grunt_megastairs_5, infiniplex_staircase_pool_2
Lair:5:   layout_loops_ring, slime_altar_1, basic_altar, serial_bayou_shore_b,
          infiniplex_staircase_pool
Lair:6:   gammafunk_lair_ancient_temple, layout_misc_corridors, basic_altar,
          portal_ice_cave_entry_pillars_1
Orc:1:    layout_caves, basic_altar
Orc:2:    grunt_orc_tribal_feast, layout_caves, uniq_urug

Skill      XL: |  1  2  3  4  5  6  7  8  9 10 11 12 13 14 |
---------------+-------------------------------------------+-----
Spellcasting   | 3 |  3.0
Fighting       | 1 2 4 8 15 | 15.5
Dodging        | 2 4 8 |  8.0
Stealth        | 2 |  2.0
Unarmed Combat | 1 3 |  3.1
Axes           | 2 4 6 9 12 14 | 14.0
Armour         | 3 4 5 8 |  8.0
Shields        | 6 8 |  8.0
Necromancy     | 7 |  7.9

Action                   |  1- 3 |  4- 6 |  7- 9 | 10-12 | 13-15 || total
-------------------------+-------+-------+-------+-------+-------++-------
Melee: Unarmed           |    19 |     9 |       |       |       ||    28
       Hand axe          |       |    46 |   218 |   527 |  1027 ||  1818
       Punch             |       |     2 |     7 |    14 |    12 ||    35
       Battleaxe         |       |       |       |       |    58 ||    58
Throw: Dart              |       |       |    11 |    96 |    17 ||   124
       Throwing net      |       |       |       |       |     3 ||     3
 Cast: Pain              |    95 |    77 |    14 |       |       ||   186
       Vampiric Draining |       |     2 |     4 |     1 |     4 ||    11
       Animate Dead      |       |       |       |       |     2 ||     2
Invok: Shadow Step       |       |       |       |       |     2 ||     2
Evoke: Wand              |       |       |    10 |    24 |    24 ||    58
  Use: Scroll            |     5 |     5 |     4 |    13 |    10 ||    37
 Stab: Sleeping          |       |     2 |     1 |     2 |    10 ||    15
       Paralysed         |       |       |       |       |     4 ||     4
       Held in net/web   |       |       |       |       |     2 ||     2
Armor: Leather armour    |     8 |     8 |       |       |       ||    16
       Ring mail         |       |    22 |   112 |   195 |   184 ||   513
       Robe              |       |       |       |       |    92 ||    92
Dodge: Dodged            |    15 |    37 |   118 |   317 |   401 ||   888
Block: Buckler           |       |       |       |       |   223 ||   223
       Other             |       |       |       |       |    12 ||    12
       Reflection        |       |       |       |       |     8 ||     8
